 Dungeon Crawl Stone Soup version 0.32-a0-599-gba8f9cf90e (webtiles) character file.

Game seed: 5852446825206425988

236 dialectric the Trooper (level 5, -1/46 HPs)
             Began as a Draconian Shapeshifter on Mar 2, 2024.
             Splashed by a jelly's acid (6 damage)
             ... on level 4 of the Dungeon.
             The game lasted 00:03:11 (3182 turns).

dialectric the Trooper (Draconian Shapeshifter)     Turns: 3182, Time: 00:03:11

Health: -1/46      AC: -3    Str: 18    XL:     5   Next: 77%
Magic:  5/5        EV: 12    Int: 11    God:
Gold:   114        SH:  0    Dex: 12    Spells: 4/4 levels left

rFire   . . .        n - +6 falchion "Jellybane" {heavy, rC++ Dex+2}
rCold   + + .        (no shield)
rNeg    . . .        (body armour unavailable)
rPois   .            (helmet currently unavailable)
rElec   .            (cloak currently unavailable)
rCorr   .            (gloves currently unavailable)
SInv    .            (boots currently unavailable)
Will    .....        (no amulet)
Stlth   +            (no ring)
HPRegen 0.27/turn    (no ring)
MPRegen 0.09/turn

%: no passive effects
@: beast-form, corroded
A: beast (slay +1), AC +5, unfitting armour, cold-blooded
a: Begin Untransformation


You were on level 4 of the Dungeon.
You were a hulking beast.
You visited 1 branch of the dungeon, and saw 4 of its levels.

You collected 218 gold pieces.
You spent 104 gold pieces at shops.

Inventory:

Hand Weapons
 n - the +6 falchion "Jellybane" (weapon) {heavy, rC++ Dex+2}
   (You found it on level 3 of the Dungeon)

   Dex+2:     It affects your dexterity (+2).
   rC++:      It greatly protects you from cold.
 s - the +9 hammer of Callousness {vamp, rElec rN+ Str+2 Int-4}
   (You found it on level 3 of the Dungeon)

   Str+2:     It affects your strength (+2).
   Int-4:     It affects your intelligence (-4).
   rElec:     It insulates you from electricity.
   rN+:       It protects you from negative energy.
Missiles
 j - 3 poisoned darts (quivered)
Armour
 t - a +0 cloak
 v - a +0 buckler
Jewellery
 m - an amulet of guardian spirit
 q - a ring of willpower
 x - a ring of poison resistance
Talismans
 b - a beast talisman (active)
 c - a flux talisman
Scrolls
 d - a scroll of immolation {unknown}
 f - 2 scrolls of poison {unknown}
 g - 2 scrolls of noise
 h - 2 scrolls of identify {unknown}
 i - 2 scrolls of revelation {unknown}
 l - 2 scrolls of fear {unknown}
 p - a scroll of enchant weapon {unknown}
 u - a scroll of enchant armour {unknown}
 y - 3 scrolls of vulnerability {unknown}
Potions
 a - a potion of lignification
 e - 4 potions of curing
 k - a potion of cancellation {unknown}
 o - a potion of ambrosia {unknown}
 r - a potion of heal wounds
 w - a potion of brilliance {unknown}


   Skills:
 + Level 4.1 Fighting
 + Level 0.9 Long Blades
 + Level 0.6 Maces & Flails
 + Level 3.0 Dodging
 - Level 4.0 Unarmed Combat
 + Level 3.3 Shapeshifting


You had 4 spell levels left.
You didn't know any spells.
Your spell library contained the following spells:

 Spells                   Type           Power      Damage    Failure   Level
 Animate Dead             Necr           0%         N/A       98%         4
 Dimensional Bullseye     Hex/Tloc       0%         N/A       98%         4
 Leda's Liquefaction      Alch/Erth      0%         N/A       98%         4
 Olgreb's Toxic Radiance  Alch           0%         N/A       98%         4
 Borgnjor's Vile Clutch   Necr/Erth      0%         N/A       100%        5
 Lee's Rapid Deconstruct  Erth           0%         3d4*      100%        5
 Summon Forest            Summ/Tloc      0%         N/A       100%        5
 Bombard                  Conj/Erth      0%         9d1       100%        6
 Death Channel            Necr           0%         N/A       100%        6
 Eringya's Noxious Bog    Alch           0%         4d6       100%        6


Dungeon Overview and Level Annotations

Branches:
Dungeon (4/15)             Temple (0/1) D:4

Altars:
Elyvilon

Shops:
D:3 (!(


Innate Abilities, Weirdness & Mutations

You are a hulking beast.
Your limbs bulge with bestial killing power. (Slay +1)
Your plain brown scales are hard. (AC +5)
You cannot fit into any form of body armour.
You are cold-blooded and may be slowed by cold attacks.


Message History

Found a stone staircase leading down.
No target in view!
i - 2 scrolls labelled WOLOUL KIACS (gained 1)
A jelly comes into view.
The jelly quivers.
A ball python comes into view.
Found a war axe.
The ball python hisses angrily.
The jelly closely misses you.
You hit the jelly but do no damage. The acid corrodes you!
Your hands burn!
You tail-slap the jelly.
The jelly is moderately wounded.
The jelly hits you but does no damage. The jelly closely misses you.
The ball python barely misses you. The ball python closely misses you.
You slash the jelly!
Your hands burn!
The jelly is almost dead.
The jelly misses you. The ball python bites you. The jelly hits you.
You are splashed with acid!
The ball python bites you. The ball python grabs you.
The ball python constricts you.
You hit the ball python.
You kill the ball python!
The jelly hits you.
You are splashed with acid.
The jelly hits you.
You are splashed with acid!
* * * LOW HITPOINT WARNING * * *
Your Dodging skill increases to level 3!
You are too injured to fight recklessly!
You are too injured to fight recklessly!
A jelly is nearby!
You are too injured to fight recklessly!
Unknown command.
Hit: n) +6 falchion "Jellybane" {heavy, rC++ Dex+2}
Press: ? - help, Dir - move target Your weapon can't reach that far!
Okay, then.
You barely miss the jelly.
The jelly is almost dead.
The jelly hits you.
* * * LOW HITPOINT WARNING * * *
The acid corrodes you!
You are splashed with acid.
You die...

.... ..###.# ..#
..##.... .. .. #.##
...#..... # ##..#
#........ # ##...##
#....#... # ###.....##
#.......# ..
##....#...## ##....#...
#.#
#...####...####.J....#.#
# # ..###
##.......h....... ###
.## #...##...#####).
.... ## #..####..# )...
## ##.## #..## # ....
.## #..# ##..# .. ....
..# ##..# #..# ##...
.... #.## #..## ##.##..#
.... #..####..# #....#
.... #...#....##
###..#####. ....


You could see a jelly.

Vanquished Creatures
  A bombardier beetle (D:4)
  Crazy Yiuf (D:3)
  Jessica (D:3)
  An iguana (D:4)
  Natasha (D:2)
  A gnoll (D:3)
  An adder (D:3)
  4 dart slugs
  A ribbon worm (D:2)
  2 orcs (D:3)
  11 endoplasms
  6 giant cockroaches
  4 goblins
  6 hobgoblins
  3 quokkas
  6 ball pythons
  4 bats
  5 frilled lizards
  3 kobolds
  6 rats
68 creatures vanquished.

Notes
Turn   | Place    | Note
-------+----------+-------------------------------------------
     0 | D:1      | dialectric the Draconian Shapeshifter began the quest for
                  | the Orb.
     0 | D:1      | Reached XP level 1. HP: 16/16 MP: 1/1
   336 | D:1      | Reached XP level 2. HP: 24/24 MP: 2/2
  1039 | D:1      | Reached XP level 3. HP: 30/30 MP: 3/3
  1533 | D:2      | Noticed Natasha
  1540 | D:2      | Killed Natasha
  1541 | D:2      | Reached XP level 4. HP: 17/38 MP: 4/4
  1645 | D:2      | Got Wof Gaff's Treatise on Distorted Crysopoeia
  1757 | D:3      | Found Etinteoz's Antique Weapon Shoppe.
  1875 | D:3      | Found Ybocosoz's Antique Weapon Shop.
  1987 | D:3      | Found a white marble altar of Elyvilon.
  2004 | D:3      | Noticed Jessica
  2012 | D:3      | Killed Jessica
  2023 | D:3      | Identified the +6 falchion "Jellybane" {heavy, rC++ Dex+2}
  2122 | D:3      | Reached XP level 5. HP: 46/46 MP: 5/5
  2259 | D:3      | Found Puetzit's Distillery.
  2267 | D:3      | Bought a potion of curing for 39 gold pieces
  2267 | D:3      | Bought a potion of heal wounds for 65 gold pieces
  2328 | D:3      | Found a runed translucent door.
  2329 | D:3      | Noticed Crazy Yiuf
  2339 | D:3      | Killed Crazy Yiuf
  2346 | D:3      | Identified the +9 hammer of Callousness {vamp, rElec rN+
                  | Str+2 Int-4}
  2896 | D:4      | Found a staircase to the Ecumenical Temple.
  3182 | D:4      | Splashed by a jelly's acid

Illustrated notes

Levels and vault maps discovered:
D:1:      sevenhm_arrival_forest_fort_small_4, layout_basic,
          minmay_three_crescents
D:2:      cheibrodos_greedy_goblins, layout_basic, uniq_natasha
D:3:      layout_loops_ring, elyvilon_altar_5, serial_shops, shop, shop,
          nicolae_shop_crystal, uniq_crazy_yiuf_cottage, uniq_jessica
D:4:      layout_layer_cave, gammafunk_temple_overflow_statue,
          minmay_temple_entry_water_ring, minmay_misc_feat_x, minmay_quantized

Skill      XL: |  1  2  3  4  5 |
---------------+----------------+-----
Dodging        | 2 3 |  3.0
Fighting       | 2 3 4 |  4.1
Unarmed Combat | 4 |  4.0
Long Blades    | |  0.9
Maces & Flails | |  0.6
Shapeshifting  | |  3.3

Action                     |  1- 3 |  4- 6 || total
---------------------------+-------+-------++-------
  Melee: Unarmed           |    89 |    36 ||   125
         Tailslap          |    11 |     7 ||    18
         Falchion          |       |    24 ||    24
  Throw: Dart              |       |     2 ||     2
    Use: Scroll            |       |     1 ||     1
   Stab: Sleeping          |     2 |     2 ||     4
 Armour: Skin              |    37 |    39 ||    76
  Dodge: Dodged            |    38 |    28 ||    66

Table legend: (Time is in decaauts)
 A = Elapsed time spent in this place.
 B = Non-inter-level travel time spent in this place.
 C = Inter-level travel time spent in this place.
 D = Time resting spent in this place.
 E = Time spent auto-exploring this place.
 F = Levels seen in this place.
 G = Mean time per level.
                   A        B        C        D        E       F      G
               +--------+--------+--------+--------+--------+-----+--------+
         Total |   3183 |   3119 |     64 |      0 |   2661 |   4 |  795.8 |
       Dungeon |   3183 |   3119 |     64 |      0 |   2661 |   4 |  795.8 |
               +--------+--------+--------+--------+--------+-----+--------+

Top non-repeatable levels by time:
     D:1: 1165 daAuts
     D:3: 854 daAuts
     D:2: 593 daAuts
     D:4: 571 daAuts
